 Dungeon Crawl Stone Soup version 0.19.4 (webtiles) character file.

267 Jerry the Cudgeler (level 6, 51/51 HPs)
             Began as a Hill Orc Fighter on Feb 1, 2017.
             Quit the game on level 3 of the Dungeon.
             The game lasted 00:06:45 (2435 turns).

Jerry the Cudgeler (Hill Orc Fighter)               Turns: 2435, Time: 00:06:45

Health: 51/51      AC:  8    Str: 21    XL:     6   Next: 21%
Magic:  6/6        EV:  7    Int:  8    God:
Gold:   94         SH:  9    Dex: 10    Spells: 0 memorised, 5 levels left

rFire  . . .     SeeInvis .     s - +0 whip (curse)
rCold  . . .     Gourm    .     b - +0 scale mail
rNeg   . . .     Faith    .     c - +0 shield
rPois  .         Spirit   .     p - +0 helmet
rElec  .         Reflect  .     (no cloak)
rCorr  .         Harm     .     (no gloves)
MR     .....                    (no boots)
Stlth  ..........               (no amulet)
                                (no ring)
                                (no ring)

@: no status effects
A: no striking features
a: no special abilities


You were on level 3 of the Dungeon.
You were not hungry.

You visited 1 branch of the dungeon, and saw 3 of its levels.

You collected 94 gold pieces.

Inventory:

Hand Weapons
 a - a +0 flail
 s - a cursed +0 whip (weapon)
Armour
 b - a +0 scale mail (worn)
 c - a +0 shield (worn)
 p - a +0 helmet (worn)
Jewellery
 t - an uncursed ring of magical power {unknown}
 v - an uncursed ring of resist corrosion {unknown}
Scrolls
 e - a scroll of amnesia {unknown}
 g - 3 scrolls of random uselessness {unknown}
 i - 4 scrolls of identify {unknown}
 m - a scroll of teleportation {unknown}
 w - a scroll of remove curse {unknown}
Potions
 j - a potion of curing {unknown}
 k - 2 potions of berserk rage {unknown}
 l - a potion of mutation {unknown}
 o - a potion of degeneration {unknown}
 q - a potion of lignification {unknown}
 r - a potion of might
 u - a potion of agility {unknown}
 x - a potion of heal wounds {unknown}
Comestibles
 d - 4 chunks of flesh
 f - 4 bread rations
 h - 3 fruits
 n - a meat ration


   Skills:
 - Level 3.6 Fighting
 * Level 5.3 Maces & Flails
 + Level 4.5 Armour
 + Level 4.5 Shields


You had 5 spell levels left.
You didn't know any spells.

Dungeon Overview and Level Annotations

Branches:
Dungeon (3/15)

Altars:
Hepliaklqana
Okawaru
Uskayaw
Vehumet


Message History

The worm bites you!
You completely miss the worm.
The worm is severely wounded.
You block the worm's attack.
You whack the worm!
You kill the worm!
No target in view!
No target in view!
You start resting.
Some of the chunks of flesh in your inventory have rotted away.
HP restored.
v - an onyx ring You see here 20 stones.
You see here a hobgoblin skeleton.
Found 12 stones.
Some of the chunks of flesh in your inventory have rotted away.
w - a scroll labeled KINEAR OKOITH
x - a murky pink potion
Found 15 sling bullets.
Are you sure you want to abandon this character and quit the game? (Confirm with "yes".)

#......#.####..........##
#.#.#
...............#######.)
..... ######...#####.#
#...####..###
####........+ #(.....##
#......# #
######.###.###..
#..@......( #####......
..... .... ###


There were no monsters in sight!

Vanquished Creatures
  Sigmund (D:2)
  Robin (D:2)
  4 adders
  An ooze (D:2)
  2 worms
  A dart slug (D:1)
  2 leopard geckos
  3 ball pythons (D:1)
  6 bats
  2 giant cockroaches
  7 goblins
  12 hobgoblins
  7 jackals
  7 kobolds
  2 frilled lizards
  7 rats
65 creatures vanquished.

Notes
Turn   | Place    | Note
-------+----------+-------------------------------------------
     0 | D:1      | Jerry the Hill Orc Fighter began the quest for the Orb.
     0 | D:1      | Reached XP level 1. HP: 19/19 MP: 1/1
   215 | D:1      | Reached XP level 2. HP: 26/26 MP: 2/2
   331 | D:1      | Reached skill level 3 in Maces & Flails
   579 | D:1      | Reached XP level 3. HP: 20/31 MP: 3/3
   840 | D:2      | Found a radiant altar of Vehumet.
   872 | D:2      | Noticed Sigmund
   892 | D:2      | Killed Sigmund
   892 | D:2      | Reached skill level 4 in Maces & Flails
   892 | D:2      | Reached XP level 4. HP: 10/39 MP: 4/4
   892 | D:2      | Reached XP level 5. HP: 12/45 MP: 5/5
  1179 | D:2      | Found a hide-covered altar of Uskayaw.
  1470 | D:2      | Noticed Robin
  1477 | D:2      | Killed Robin
  1652 | D:2      | Found an iron altar of Okawaru.
  1653 | D:2      | Found a hazy altar of Hepliaklqana.
  1716 | D:2      | Reached skill level 5 in Maces & Flails
  1727 | D:2      | Reached XP level 6. HP: 51/51 MP: 6/6
  2435 | D:3      | Quit the game

Skill      XL: |  1  2  3  4  5 |
---------------+----------------+-----
Maces & Flails | 3 4 5 |  5.3
Armour         | 4 |  4.5
Shields        | 4 |  4.5
Fighting       | |  3.6

Action                   |  1- 3 |  4- 6 || total
-------------------------+-------+-------++-------
Melee: Flail             |   107 |   132 ||   239
       Whip              |       |    46 ||    46
  Use: Potion            |     1 |       ||     1
  Eat: Chunk             |       |     5 ||     5
Armor: Scale mail        |    80 |    69 ||   149
Dodge: Dodged            |    54 |    58 ||   112
Block: Shield            |    70 |   109 ||   179
